[Event "Team 45 45 League T27"]
[Site "Free Internet Chess Server"]
[Date "2005.06.25"]
[Round "2"]
[White "couv"]
[Black "phorku"]
[Result "0-1"]
[WhiteElo "1537"]
[BlackElo "1551"]
[TimeControl "2700+45"]

1. d4 d5 2. e3 e6 3. Bd3 c5 4. c3 Nf6 5. Nd2 Nc6 6. f4 Bd6 7. Ngf3 Qc7 8. Ne5 O-O 9. O-O Nd7 10. Qh5 g6 11. Qh6 Bxe5 12. fxe5 cxd4 13. exd4 Qb6 14. Nf3 Ndxe5 15. Nxe5 Nxe5 16. Be2 Nd7 17. Rf3 e5 18. b3 exd4 19. cxd4 Qxd4+ 20. Be3 Qxa1+ 21. Bf1 Qg7   {White resigns} 0-1

[Event "Team 45 45 League T27"]
[Site "Free Internet Chess Server"]
[Date "2005.06.24"]
[Round "2"]
[White "crackjack"]
[Black "clarinetref"]
[Result "1/2-1/2"]
[WhiteElo "1614"]
[BlackElo "1547"]
[TimeControl "2700+45"]

1. e4 c5 2. c3 d5 3. exd5 Qxd5 4. d4 e6 5. Nf3 a6 6. Be2 Nf6 7. O-O Be7 8. Bg5 h6 9. Bh4 Nc6 10. dxc5 Qxc5 11. Nbd2 O-O 12. Qc2 Nh5 13. Ne4 Qf5 14. Bd3 Bxh4 15. Nxh4 Qg4 16. Nf3 Nf4 17. Ng3 Nxd3 18. Qxd3 Rd8 19. Qe4 Qxe4 20. Nxe4 b5 21. Rad1 Rxd1 22. Rxd1 Bb7 23. Nc5 Rb8 24. Nxb7 Rxb7 25. Rd6 Nb8 26. Rd8+ Kh7 27. Kf1 Nd7 28. Ke2 Nc5 29. Kd2 Rd7+ 30. Rxd7 Nxd7 31. Kd3 Nc5+ 32. Kd4 Na4 33. b3 Nb6 34. Kc5 Nd5 35. c4 bxc4 36. bxc4 Nc3 37. Kb6 Nxa2 38. c5 Nb4 39. Ka5 Nd5 40. Kxa6 Kg8 41. Kb7 Kf8 42. c6 Ke7 43. c7 Nxc7 44. Kxc7 f6 45. Kc6 e5 46. Kd5 Kf7 47. h4 Kg6 48. g4 h5 49. g5 fxg5 50. Nxg5 Kf5 51. f3 Kf4 52. Ke6 Kg3 53. Kxe5 Kxh4 54. Kf5 Kg3 55. f4 h4 56. Ne4+ Kf3 57. Ng5+ Kg3   {Game drawn by mutual agreement} 1/2-1/2

[Event "Team 45 45 League T27"]
[Site "Free Internet Chess Server"]
[Date "2005.06.25"]
[Round "2"]
[White "hotjazz"]
[Black "KlassAct"]
[Result "1/2-1/2"]
[WhiteElo "1452"]
[BlackElo "1378"]
[TimeControl "2700+45"]

1. e4 e5 2. Nf3 Nc6 3. d4 exd4 4. Bc4 Bc5 5. Qd3 Na5 6. b4 Nxc4 7. bxc5 Na5 8. Bf4 Nf6 9. e5 Nd5 10. Bg3 Nc6 11. Bh4 f6 12. O-O O-O 13. Qc4 Ne7 14. Bxf6 gxf6 15. exf6 Rxf6 16. Nbd2 Kh8 17. Qxd4 Qf8 18. Ne4 Kg8 19. Qc4 Rg6 20. Rad1 Qxf3 21. Nf6+ Kh8 22. g3 Nxf6 23. Rd3 Qg4 24. Qf7 Nf5 25. Qf8+ Ng8 26. Re1 Rf6 27. Qd8 Nh4 28. Re8 Nf3+ 29. Kg2 Nh4+ 30. Kh1 Rxf2 31. Rxg8+ Qxg8 32. Qxh4 Rxc2 33. Qf4 Qxa2 34. Qd4+ Kg8 35. Qg4+ Kh8 36. Qd4+ Kg8 37. Qg4+ Kh8 38. Qd4+ Kg8 39. Qd5+ Qxd5+ 40. Rxd5 b6 41. Rg5+ Kf7   {Game drawn by mutual agreement} 1/2-1/2

[Event "Team 45 45 League T27"]
[Site "Free Internet Chess Server"]
[Date "2005.06.26"]
[Round "2"]
[White "nasmichael"]
[Black "blkmagic"]
[Result "1-0"]
[WhiteElo "1264"]
[BlackElo "1108"]
[TimeControl "2700+45"]

1. d4 d5 2. Nf3 Nf6 3. Bg5 h6 4. Bh4 Bg4 5. e3 e6 6. Nbd2 Nc6 7. Bb5 Qd7 8. Bg3 Ne4 9. h3 Nxg3 10. fxg3 Bxf3 11. Nxf3 Bd6 12. Bxc6 Qxc6 13. O-O Bxg3 14. Rc1 O-O-O 15. Qe2 Qa4 16. a3 g5 17. Ne5 Bxe5 18. dxe5 Qe4 19. Rxf7 Qxe5 20. c3 Rhf8 21. Rcf1 Rxf7 22. Rxf7 Qe4 23. Kh1 Qb1+ 24. Kh2 e5 25. Qb5 Qg6 26. Re7 a6 27. Qc5 Rd7 28. Rxe5 c6 29. Qf8+ Rd8 30. Qb4 Qf6 31. Re7 b5 32. Ra7 Qe5+ 33. Kh1 Qxe3 34. Rxa6 Kd7 35. Qg4+ Qe6 36. Ra7+ Kd6 37. Qb4+ c5 38. Ra6+ Kd7 39. Qxb5+   {Black resigns} 1-0

[Event "Team 45 45 League T27"]
[Site "Free Internet Chess Server"]
[Date "2005.06.25"]
[Round "2"]
[White "bahus"]
[Black "rudini"]
[Result "0-1"]
[WhiteElo "1806"]
[BlackElo "1966"]
[TimeControl "2700+45"]

1. e4 e5 2. Nf3 Nc6 3. Bb5 a6 4. Ba4 Nf6 5. O-O Be7 6. Re1 b5 7. Bb3 d6 8. c3 O-O 9. h3 Bb7 10. d4 Re8 11. Nbd2 Bf8 12. d5 Nb8 13. a4 c6 14. dxc6 Bxc6 15. axb5 Bxb5 16. Nf1 Nbd7 17. Ng3 Nc5 18. Bc2 Qc7 19. Bg5 Nfd7 20. Nh4 h6 21. Bxh6 gxh6 22. Qg4+ Kh8 23. Ngf5 Nf6 24. Qf3 Re6 25. b4 Ncd7 26. Bb3 Bc4 27. Ba4 Nh7 28. Ne3 Ng5 29. Qf5 Nf6 30. Nd5 Nxd5 31. exd5 Bxd5 32. Re3 Bg7 33. Bc2 Rf6 34. Qg4 Rf4 35. Qh5 Qc6 36. Rg3 Ne4 37. Rxg7 Kxg7 38. Nf5+ Rxf5 39. Qxf5 Qxc3 40. Rc1 Qd2 41. Qg4+ Kf8 42. Rd1 Qxf2+ 43. Kh2 Qxc2 44. Rxd5 Nf6 45. Qf3 Nxd5 46. Qxd5 Rd8 47. Qa5 Qc8   {White resigns} 0-1

[Event "Team 45 45 League T27"]
[Site "Free Internet Chess Server"]
[Date "2005.06.23"]
[Round "2"]
[White "JBFelo"]
[Black "CelticDeath"]
[Result "1-0"]
[WhiteElo "1925"]
[BlackElo "1732"]
[TimeControl "2700+45"]

1. d4 d5 2. c4 e6 3. Nc3 Nf6 4. Bg5 Be7 5. Nf3 Nc6 6. e3 O-O 7. Rc1 b6 8. cxd5 exd5 9. Bb5 Bb7 10. O-O a6 11. Bd3 Nb4 12. Bb1 c5 13. a3 Nc6 14. dxc5 bxc5 15. Bxf6 Bxf6 16. Nxd5 Bxb2 17. Rxc5 Bxa3 18. Qd3 g6 19. Qxa3 Re8 20. Qc3 Re6 21. Ba2 Rd6 22. Nf4 Ne7 23. Ne5 Nd5 24. Nxd5 Bxd5 25. Bxd5 Rxd5 26. Nc6 Rxc5 27. Qxc5 Qc7 28. Ne7+   {Black resigns} 1-0

[Event "Team 45 45 League T27"]
[Site "Free Internet Chess Server"]
[Date "2005.06.24"]
[Round "2"]
[White "blueKid"]
[Black "DarkKing"]
[Result "1/2-1/2"]
[WhiteElo "1779"]
[BlackElo "1716"]
[TimeControl "2700+45"]

1. e4 Nf6 2. d3 e5 3. Nf3 Nc6 4. Nbd2 d6 5. g3 Be7 6. Bg2 O-O 7. O-O Bg4 8. c3 Qd7 9. Nc4 Bxf3 10. Qxf3 Qg4 11. Qe3 Rfe8 12. h3 Qh5 13. g4 Qh4 14. Qg3 Nd7 15. b4 a5 16. b5 Na7 17. Rb1 Qxg3 18. fxg3 b6 19. d4 h6 20. Be3 Bg5 21. Bf2 Nc8 22. a4 Ne7 23. h4 Bf6 24. Be3 g5 25. h5 Kg7 26. Rbd1 Rad8 27. Rf2 Rf8 28. Rdf1 Ng8 29. Bf3 Rfe8 30. Nb2 Nf8 31. d5 Nd7 32. Bd1 Rf8 33. Nd3 Be7 34. Kh2 Ngf6 35. Bf3 Rc8 36. c4 Rcd8 37. c5 Nxc5 38. Nxc5 dxc5 39. Rc1 Ne8 40. Bd2 Nd6 41. Bc3 f6 42. Kg1 Kh7 43. Kf1 Kg7 44. Ke2 Rf7 45. Rcf1 Rdf8 46. Kd3 c4+ 47. Ke3 Nb7 48. Rc2 Nc5 49. Ra2 Nb3 50. Be2 Bc5+ 51. Kf3 Nd4+ 52. Bxd4 Bxd4 53. Bxc4 Rd7 54. Kg2 Rd6 55. Ra3 Kf7 56. Raf3 Ke7 57. Rf5 Bc5 58. Be2 Rf7 59. Rc1 Rf8 60. Kf3 Rf7   {Game drawn by mutual agreement} 1/2-1/2

[Event "Team 45 45 League T27"]
[Site "Free Internet Chess Server"]
[Date "2005.06.26"]
[Round "2"]
[White "jjgsmm"]
[Black "PawnSensei"]
[Result "1-0"]
[WhiteElo "1605"]
[BlackElo "1408"]
[TimeControl "2700+45"]

1. e4 e5 2. Nf3 Nc6 3. Bb5 a6 4. Ba4 Nf6 5. O-O Be7 6. Re1 O-O 7. h3 d6 8. d3 b5 9. Bb3 Be6 10. Nbd2 Na5 11. c3 Nxb3 12. Nxb3 c5 13. d4 c4 14. dxe5 cxb3 15. exf6 Bxf6 16. axb3 Re8 17. Bf4 d5 18. e5 Be7 19. b4 Qc8 20. Nd4 f6 21. Nxe6 Qxe6 22. exf6 Qxf6 23. Qxd5+ Kf8 24. Be5 Qf7 25. Qxf7+ Kxf7 26. Rad1 Rad8 27. Bc7 Rxd1 28. Rxd1 Bf6 29. Kf1 Rc8 30. Bb6 Ke8 31. Bd4 Rd8 32. Ke2 Bxd4 33. Rxd4 Rxd4 34. cxd4 Kd8 35. Ke3 Kd7 36. Ke4 Ke6 37. d5+ Kd6 38. f4 g6 39. g4 h6 40. h4 Kd7 41. Ke5 Ke7 42. d6+ Kd7 43. h5 gxh5 44. gxh5 Ke8   {Black resigns} 1-0

[Event "Team 45 45 League T27"]
[Site "Free Internet Chess Server"]
[Date "2005.06.26"]
[Round "2"]
[White "Valiantangel"]
[Black "HotDonut"]
[Result "1-0"]
[WhiteElo "1812"]
[BlackElo "1904"]
[TimeControl "2700+45"]

1. d4 Nf6 2. c4 e6 3. Nf3 d5 4. Nc3 Be7 5. Bg5 O-O 6. e3 Nbd7 7. cxd5 Nxd5 8. Bxe7 Qxe7 9. Nxd5 exd5 10. Bd3 Nf6 11. Qc2 Be6 12. a3 Rfc8 13. b4 a5 14. Qc5 Qf8 15. Qxf8+ Kxf8 16. b5 a4 17. Ke2 Bg4 18. Rhc1 Ne4 19. h3 Bxf3+ 20. gxf3 Nd6 21. Rc5 c6 22. bxc6 Rxc6 23. Rxd5 Rac8 24. Ra5 Nc4 25. Rxa4 Nb2 26. Rb4 Nxd3 27. Kxd3 Rc3+ 28. Ke2 Rc2+ 29. Ke1 R8c6 30. Rxb7 Rh6 31. Kf1 Rxh3 32. Kg2 Rh6 33. f4 Re6 34. a4 Rxe3 35. a5 Re8 36. a6 Rcc8 37. a7 g6 38. Rab1 Ra8 39. d5 Red8 40. d6 Kg7 41. d7 f5 42. Rb8   {Black resigns} 1-0

[Event "Team 45 45 League T27"]
[Site "Free Internet Chess Server"]
[Date "2005.06.27"]
[Round "2"]
[White "TheTactician"]
[Black "sidiAhmed"]
[Result "0-1"]
[WhiteElo "1833"]
[BlackElo "1746"]
[TimeControl "2700+45"]

1. e4 c5 2. f4 d6 3. Nf3 Nc6 4. Nc3 Nf6 5. Bc4 e6 6. O-O a6 7. a4 Nxe4 8. Nxe4 d5 9. Neg5 dxc4 10. f5 h6 11. Nxf7 Kxf7 12. fxe6+ Kxe6 13. Qe2+ Kd6 14. d3 Kc7 15. dxc4 Bg4 16. Bf4+ Kb6 17. c3 g5 18. Bg3 Qe7 19. Qc2 Bxf3 20. Rxf3 Bg7 21. Re1 Qd7 22. b4 Rae8 23. Rd1 Qe6 24. Qf2 Qxc4 25. Bd6 Ka7 26. Bxc5+ Ka8 27. Rf7 Bxc3 28. Rc1 Bd4 29. Bxd4 Qxc1+   {White resigns} 0-1

[Event "Team 45 45 League T27"]
[Site "Free Internet Chess Server"]
[Date "2005.06.27"]
[Round "2"]
[White "kballoloco"]
[Black "Haotu"]
[Result "1-0"]
[WhiteElo "1606"]
[BlackElo "1708"]
[TimeControl "2700+45"]

1. e4 c5 2. Nf3 d6 3. d4 cxd4 4. Nxd4 Nf6 5. Nc3 g6 6. Be3 Bg7 7. Qd2 Ng4 8. O-O-O Nxe3 9. Qxe3 O-O 10. Bc4 Nc6 11. Nde2 a6 12. f3 Na5 13. Bd5 Nc6 14. a3 Qc7 15. Rd3 Ne5 16. Rd4 Nc6 17. Rc4 e6 18. Bxc6 bxc6 19. Nd4 Bb7 20. Na4 Qa5 21. Qb3 Rab8 22. Nb6 Ba8 23. Nxc6 Bxc6 24. Rxc6 Qg5+ 25. Kb1 Qxg2 26. Rd1 Qxh2 27. Rcxd6 Rfc8 28. Qd3 Re8 29. Rd2 Qe5 30. c3 Qb5 31. Qxb5 axb5 32. Nd7 Rbd8 33. e5 Rc8 34. Nf6+ Bxf6 35. exf6 h5 36. Rb6 Rc5 37. a4 bxa4 38. Ka2 Rf5 39. Rd4 Rxf3 40. Rxa4 Rxf6 41. c4 Rf4 42. b3 h4 43. Rd6 h3 44. Ka3 h2 45. Rd1 g5 46. c5 Rf2 47. Rg4 f6 48. Rg3 e5 49. c6 Rc8 50. Rc3 Kg7 51. b4 Rg2 52. Rh1 e4 53. b5 f5 54. b6 e3 55. b7 Rb8 56. Rxe3 Rc2 57. Rxh2 Rxc6 58. Re7+ Kg6 59. Rhh7 g4 60. Kb4 Rb6+ 61. Kc5 Rb1 62. Kc6 Rc1+ 63. Kb6 Rb1+ 64. Ka7 Rg8 65. Rc7 g3 66. Rh3 f4 67. Rc6+ Kg5 68. Rh7 g2 69. Rc8 Rxb7+ 70. Kxb7 g1=Q 71. Rxg8+   {Black resigns} 1-0

[Event "Team 45 45 League T27"]
[Site "Free Internet Chess Server"]
[Date "2005.06.27"]
[Round "2"]
[White "Litovec"]
[Black "Aul"]
[Result "1-0"]
[WhiteElo "1680"]
[BlackElo "1569"]
[TimeControl "2700+45"]

1. e4 g6 2. f4 e6 3. Nf3 Bg7 4. Nc3 Ne7 5. Bc4 d6 6. O-O O-O 7. d4 b6 8. e5 d5 9. Bb3 c5 10. a4 c4 11. Ba2 Nbc6 12. b3 Nf5 13. bxc4 dxc4 14. d5 Nb4 15. d6 Nxa2 16. Rxa2 Re8 17. Nb5 Rf8 18. Nc7 Rb8 19. Qe2 f6 20. Qxc4 fxe5 21. fxe5 Bh6 22. Bxh6 Nxh6 23. Nxe6 Bxe6 24. Qxe6+ Kh8 25. Raa1 Nf5 26. Rfe1 b5 27. Kh1 Qb6 28. axb5 Qf2 29. Qb3 a5 30. Rf1 Qe2 31. Rae1 Qxb5 32. Qxb5 Rxb5 33. d7 Rd5 34. Rd1 Nd4 35. Nxd4 Rxf1+ 36. Rxf1 Rxd4 37. Rf8+ Kg7 38. d8=Q   {Black resigns} 1-0

[Event "Team 45 45 League T27"]
[Site "Free Internet Chess Server"]
[Date "2005.06.24"]
[Round "2"]
[White "SabuesoMaster"]
[Black "HotDonut"]
[Result "1/2-1/2"]
[WhiteElo "1939"]
[BlackElo "1897"]
[TimeControl "2700+45"]

1. c4 e6 2. b3 Nf6 3. Bb2 d5 4. e3 Be7 5. Nf3 O-O 6. Be2 c5 7. O-O Nc6 8. d4 dxc4 9. Bxc4 cxd4 10. Nxd4 Nxd4 11. Bxd4 Qc7 12. f4 Rd8 13. Qf3 Bd7 14. Be5 Bd6 15. Bxd6 Qxd6 16. Nc3 Bc6 17. Qe2 Qd2 18. Rac1 Qxe2 19. Bxe2 Rd2 20. Rfd1 Rad8 21. Rxd2 Rxd2 22. Rd1 Rxd1+ 23. Bxd1 Nd5 24. Nxd5 Bxd5 25. Kf2 Kf8 26. Bf3 Bxf3 27. Kxf3 Ke7 28. Ke4 Kd6 29. Kd4 f6 30. e4 e5+ 31. fxe5+ fxe5+ 32. Kc4 Kc6 33. a3 b5+ 34. Kd3 a5 35. b4 axb4 36. axb4 Kd6 37. Ke3 Ke6 38. Kf3 Kf6 39. Kg4 g6 40. h4 h5+ 41. Kf3 Ke6 42. Ke3 Kd7 43. Kf3 Kc8 44. g4 Kb8 45. Kg3 Ka8 46. Kh2 Kb8 47. Kg3 Ka8   {Game drawn by mutual agreement} 1/2-1/2

[Event "Team 45 45 League T27"]
[Site "Free Internet Chess Server"]
[Date "2005.06.26"]
[Round "2"]
[White "JDFitzpat"]
[Black "maeck"]
[Result "1/2-1/2"]
[WhiteElo "1881"]
[BlackElo "1938"]
[TimeControl "2700+45"]

1. e4 c5 2. d4 cxd4 3. c3 d5 4. exd5 Qxd5 5. cxd4 Nc6 6. Nf3 Nf6 7. Nc3 Qa5 8. d5 Nb4 9. Bb5+ Bd7 10. Bxd7+ Nxd7 11. a3 Qa6 12. Qe2 Qxe2+ 13. Kxe2 Na6 14. Be3 f6 15. Nb5 Nb6 16. Bxb6 axb6 17. Rac1 Kd7 18. Nfd4 g6 19. Ne6 Bh6 20. f4 Rhc8 21. b4 Rxc1 22. Rxc1 Rc8 23. Rxc8 Kxc8 24. h4 f5 25. Kd3 Kd7 26. Kd4 Nb8 27. Ke5 Na6 28. d6 Nb8 29. dxe7 Kxe7 30. Kd5 Nd7 31. Nec7 Bxf4 32. Na8 Bg3 33. Na7 Bxh4 34. Nc8+ Kd8 35. Ncxb6 Bf2 36. Nc4 Bg3 37. Nd6 Nf6+ 38. Ke6 Bxd6 39. Kxd6 Ne4+ 40. Ke5 Ke7 41. Nb6 Kd8 42. Nd5 Kd7 43. a4 Kc6 44. Ne7+ Kd7 45. Nd5 Nd2 46. Nf6+ Kc6 47. Nxh7 Nc4+ 48. Kd4 Nb2 49. Nf8 g5 50. Ne6 Kd6 51. Nxg5 Nxa4   {Game drawn by mutual agreement} 1/2-1/2

[Event "Team 45 45 League T27"]
[Site "Free Internet Chess Server"]
[Date "2005.06.26"]
[Round "2"]
[White "Doubleletter"]
[Black "malevolentmick"]
[Result "1-0"]
[WhiteElo "1734"]
[BlackElo "1846"]
[TimeControl "2700+45"]

1. d4 Nf6 2. Nf3 d5 3. c4 e6 4. Bg5 Be7 5. Nbd2 Nbd7 6. e3 O-O 7. Bd3 b6 8. cxd5 exd5 9. a3 c5 10. Bb5 h6 11. Bc6 Rb8 12. Bf4 Bb7 13. Bxb8 Bxc6 14. Be5 Bb5 15. Nb3 Ne4 16. a4 Ba6 17. Nbd2 f6 18. Bg3 g5 19. Nxe4 dxe4 20. Nd2 cxd4 21. exd4 f5 22. Qh5 Kh7 23. h4 Nf6 24. Qd1 g4 25. Be5 Nd5 26. Rc1 e3 27. fxe3 Nxe3 28. Qb3 Nxg2+ 29. Kf2 Bb7 30. Rc7 Bd5 31. Rxe7+ Qxe7 32. Qxd5 Nxh4 33. Bd6 Qd8 34. Qb7+ Kg8 35. Nc4 Rf7 36. Qd5 Kg7 37. Be5+ Kg6 38. Qxd8   {Black resigns} 1-0

[Event "Team 45 45 League T27"]
[Site "Free Internet Chess Server"]
[Date "2005.06.25"]
[Round "2"]
[White "Pawns"]
[Black "twotowers"]
[Result "0-1"]
[WhiteElo "1792"]
[BlackElo "1597"]
[TimeControl "2700+45"]

1. e4 d6 2. d4 Nf6 3. Nc3 g6 4. Nf3 Bg7 5. h3 O-O 6. Be3 e5 7. dxe5 dxe5 8. Qxd8 Rxd8 9. Bc4 h6 10. Nxe5 Be6 11. Bxe6 fxe6 12. Nxg6 Kh7 13. Nf4 Re8 14. O-O-O a6 15. f3 Nbd7 16. Rd2 Ne5 17. b3 Nfd7 18. Rhd1 c5 19. Nh5 Nf6 20. Nxf6+ Bxf6 21. Bxc5 Bg5 22. Ne2 Bxd2+ 23. Rxd2 Rad8 24. Rxd8 Rxd8 25. Nf4 Re8 26. Nd3 Nxd3+ 27. cxd3 Rc8 28. d4 b6 29. b4 bxc5 30. dxc5 a5 31. a3 axb4 32. axb4 Rb8 33. Kc2 Rxb4 34. Kc3 Rb8 35. f4 Kg6 36. g4 Kf6 37. h4 e5 38. f5 Rd8 39. g5+ hxg5 40. hxg5+ Kxg5 41. Kc4 Rd4+ 42. Kb5 Rxe4 43. c6 Re1 44. Kc4 Kxf5 45. Kd5 Rc1   {White resigns} 0-1

[Event "Team 45 45 League T27"]
[Site "Free Internet Chess Server"]
[Date "2005.06.27"]
[Round "2"]
[White "nitedozer"]
[Black "TripleCheck"]
[Result "0-1"]
[WhiteElo "1883"]
[BlackElo "2128"]
[TimeControl "2700+45"]

1. Nf3 Nf6 2. c4 d6 3. g3 e5 4. d3 Be7 5. Nc3 h6 6. Bg2 O-O 7. O-O c6 8. b3 Be6 9. Bb2 Nbd7 10. e4 Qc7 11. Rc1 Rac8 12. Nd5 Nxd5 13. cxd5 Bg4 14. dxc6 bxc6 15. Qc2 f5 16. Nd2 fxe4 17. dxe4 Bg5 18. f3 Be6 19. Rcd1 Rf7 20. Ba3 d5 21. exd5 Be3+ 22. Kh1 cxd5 23. Qd3 Qa5 24. b4 Qb6 25. Nb3 d4 26. Nc5 Nxc5 27. bxc5 Qa5 28. f4 exf4 29. gxf4 Qa4   {White forfeits on time} 0-1

[Event "Team 45 45 League T27"]
[Site "Free Internet Chess Server"]
[Date "2005.06.27"]
[Round "2"]
[White "gracey"]
[Black "nham"]
[Result "1-0"]
[WhiteElo "2042"]
[BlackElo "1937"]
[TimeControl "2700+45"]

1. g4 e5 2. Bg2 Bc5 3. Nc3 Nc6 4. Nf3 d6 5. g5 Be6 6. d3 Nge7 7. Na4 Bb6 8. Nxb6 axb6 9. d4 Bd5 10. dxe5 Nxe5 11. O-O Nxf3+ 12. Bxf3 Bxf3 13. exf3 O-O 14. Re1 Qd7 15. Qd3 Nf5 16. Re4 Rfd8 17. Bf4 d5 18. Re5 Ne7 19. Ree1 c5 20. Bg3 Ra4 21. Qb3 Rb4 22. Qc3 d4 23. Qa3 Nd5 24. f4 Ra4 25. Qd3 Nb4 26. Qc4 Qc6 27. a3 b5 28. Qe2 Nd5 29. Qe5 Raa8 30. Qf5 Re8 31. Re5 Ne7 32. Qd3 Ng6 33. Ree1 Rad8 34. f5 c4 35. Rxe8+ Qxe8 36. Qf3 Ne5 37. Qxb7 d3 38. cxd3 Nxd3 39. Rb1 Qd7 40. Qe4 Re8 41. Qf3 Ne1 42. Qc3 Nd3 43. f6 Qd5 44. h4 Qe4 45. Rf1 g6 46. b3 cxb3 47. Qxb3 b4 48. axb4 Nxb4 49. Rd1 Qc2 50. Qxc2 Nxc2 51. Rd7 Nb4 52. Kg2 Nc6 53. Bf4 Nd8 54. Re7 Rf8 55. Bd6 Nc6 56. Rc7 Nd8 57. Rc8 Ne6 58. Bxf8 Nxf8 59. f4 h5 60. gxh6   {Black resigns} 1-0

[Event "Team 45 45 League T27"]
[Site "Free Internet Chess Server"]
[Date "2005.06.25"]
[Round "2"]
[White "muralimohan"]
[Black "javamanissa"]
[Result "1-0"]
[WhiteElo "1926"]
[BlackElo "1825"]
[TimeControl "2700+45"]

1. Nf3 Nf6 2. c4 c5 3. Nc3 Nc6 4. d4 e6 5. d5 Ne7 6. d6 Nc6 7. Nb5 Qb6 8. Nc7+ Kd8 9. Nxa8 Qb4+ 10. Bd2 Qxc4 11. e3 Qe4 12. Nc7 a6 13. Bc3 Nb4 14. Bxb4 Qxb4+ 15. Qd2 Bxd6 16. Na8 Qxd2+ 17. Nxd2 b5 18. a4 c4 19. axb5 axb5 20. Be2 Bb4 21. Bf3 d5 22. Ra7 Nd7 23. Ke2 Bc5 24. Ra5 Bb7 25. Rha1 Bc6 26. Nb1 b4 27. Nd2 Kc8 28. Nxc4 Kb7 29. Nd2 b3 30. Nxb3 Bb4 31. Ra7+ Kb8 32. Nd4 Bb7 33. R7a4 Bc5 34. b4 Bd6 35. g3 Rc8 36. Kf1 Rc4 37. Be2 Rc8 38. Bb5 Ne5 39. Nb6 Rc3 40. Nd7+ Nxd7 41. Bxd7 Kc7 42. Nb5+ Kxd7 43. Nxc3 Bxb4 44. Rxb4 Ba6+ 45. Rxa6 Kc7 46. Rbb6 d4 47. Nb5+ Kd7 48. Rb7+ Kc8 49. Nd6+ Kd8 50. Ra8#   {Black checkmated} 1-0

[Event "Team 45 45 League T27"]
[Site "Free Internet Chess Server"]
[Date "2005.06.26"]
[Round "2"]
[White "bahus"]
[Black "wester"]
[Result "0-1"]
[WhiteElo "1806"]
[BlackElo "1922"]
[TimeControl "2700+45"]

1. e4 c5 2. d4 cxd4 3. c3 dxc3 4. Nxc3 Nc6 5. Nf3 e6 6. Bc4 Qc7 7. Qe2 Nf6 8. e5 Ng4 9. Bf4 d5 10. exd6 Bxd6 11. Nb5 Bb4+ 12. Bd2 Qe7 13. O-O a6 14. Bxb4 Nxb4 15. Nc3 O-O 16. a3 Nc6 17. Rfd1 b5 18. Ba2 Bb7 19. Rac1 Rad8 20. Ne4 Rxd1+ 21. Rxd1 Nce5 22. Nxe5 Nxe5 23. b4 Ng6 24. Nc5 Bxg2 25. Qg4 Bc6 26. Qg3 Rd8 27. Bb3 Rxd1+ 28. Bxd1 Qd8 29. Bb3 Qd4 30. Qd3 Qxd3 31. Nxd3 Nh4 32. h3 Nf3+ 33. Kf1 Nd2+ 34. Ke2 Nxb3 35. Ke3 a5 36. bxa5 Nxa5 37. Kd4 Bd5 38. Nf4 Bc4 39. Kc5 Nb3+ 40. Kb4 Nd2 41. a4 bxa4 42. Kc3 a3 43. Kxd2 a2   {White resigns} 0-1